 Dungeon Crawl Stone Soup version 0.31.0-9-g3a7656b989 (webtiles) character file.

Game seed: 8928698327336722896

96 qw the Shooter (level 4, -4/25 HPs)
             Began as a Deep Elf Hunter on Feb 2, 2024.
             Succumbed to a kobold brigand's curare-tipped dart
             ... in a sewer.
             The game lasted 00:00:06 (1487 turns).

qw the Shooter (Deep Elf Hunter)                    Turns: 1487, Time: 00:00:07

Health: -4/25      AC:  8    Str: 10    XL:     4   Next: 41%
Magic:  6/6        EV: 11    Int: 14    God:
Gold:   51         SH:  0    Dex: 18    Spells: 3/3 levels left

rFire   . . .        a - +0 shortbow
rCold   + . .        (shield currently unavailable)
rNeg    . . .        b - +0 ring mail
rPois   .            (no helmet)
rElec   .            (no cloak)
rCorr   .            d - +2 pair of gloves
SInv    .            (no boots)
Will    .....        (no amulet)
Stlth   +            f - ring of protection from cold
HPRegen 0.24/turn    (no ring)
MPRegen 0.10/turn

%: no passive effects
@: lethally poisoned (-4 -> -17), slowed, very slow
A: no striking features
a: no special abilities


You were in a sewer.
You visited 1 branch of the dungeon, and saw 3 of its levels.
You also visited: Sewer.

You collected 51 gold pieces.


   Skills:
 - Level 1.5 Fighting
 + Level 7.8 Ranged Weapons
 - Level 2.4 Dodging
 - Level 1.2 Stealth


You had 3 spell levels left.
You didn't know any spells.
Your spell library was empty.

Inventory:

Hand Weapons
 a - a +0 shortbow (weapon)
Armour
 b - a +0 ring mail (worn)
 d - a +2 pair of gloves (worn)
Jewellery
 f - a ring of protection from cold (left hand)
Potions
 g - a potion of might
 i - a potion of brilliance {unknown}
 k - a potion of mutation {unknown}

Dungeon Overview and Level Annotations

Branches:
Dungeon (3/15)              Sewer (1/1)

Altars:


Message History

You shoot an arrow. The arrow hits the kobold.
You kill the kobold!
You hear a splash. x2
You feel sick.
A kobold brigand comes into view.
It is wielding a +0 short sword and quivering curare-tipped darts.
The kobold throws a stone.
The stone hits you but does no damage.
You shoot an arrow. The arrow hits the jackal!
You kill the jackal!
You feel sick.
A kobold comes into view. It is wielding a +0 dagger.
You shoot an arrow. The arrow closely misses the kobold.
You feel sick.
You shoot an arrow.
The arrow hits the kobold but does no damage.
The kobold is moderately wounded.
You feel sick.
The kobold brigand throws a curare-tipped dart.
The curare-tipped dart misses you.
You shoot an arrow. The arrow closely misses the kobold.
You feel sick.
You are no longer poisoned.
The kobold brigand throws a curare-tipped dart.
The curare-tipped dart hits you.
You are poisoned.
You have difficulty breathing.
You feel yourself slow down.
You shoot an arrow. The arrow hits the kobold.
You kill the kobold!
You hear a splash.
You feel very sick.
The kobold brigand throws a curare-tipped dart.
The curare-tipped dart closely misses you.
The kobold brigand throws a curare-tipped dart.
The curare-tipped dart hits you.
You are lethally poisoned!
You have difficulty breathing.
You feel as though you will be slow longer.
You shoot an arrow. The arrow hits the kobold.
You kill the kobold!
You hear a splash. x2
You die...

#.~~~.# ###.~~~.#
#\..~~~.# ###.~~~.#
#.~~~.# ##.~~~.##
#..~~~~.################
#.~~~~~~~~~~~~~~~~~~~~~~
#~~~~~~@################
#.~~~~~.# #.~)~~~.#
#.~~~~~.# #.K~~~~~#
#.~~~~%)# #..~K~~.#
#.......#


You could see a kobold brigand and a kobold.

Vanquished Creatures
  2 adders (D:2)
  A gnoll (D:1)
  A ribbon worm (D:2)
  2 dart slugs
  An orc (D:3)
  3 bats
  8 endoplasms
  3 giant cockroaches
  8 goblins
  2 hobgoblins
  A jackal (Sewer)
  8 kobolds
  4 quokkas
  5 ball pythons
  A frilled lizard (D:1)
  7 rats
57 creatures vanquished.

Notes
Turn   | Place    | Note
-------+----------+-------------------------------------------
     0 | D:1      | qw the Deep Elf Hunter began the quest for the Orb.
     0 | D:1      | Reached XP level 1. HP: 12/12 MP: 3/3
     0 | D:1      | 0 ||| qw: Version: 0.3-a-155-g5e7d8dd
     0 | D:1      | 0 ||| qw: Game counter: 1651
     0 | D:1      | 0 ||| qw: Melee chars always use a shield: true
     0 | D:1      | 0 ||| qw: God list: Okawaru
     0 | D:1      | 0 ||| qw: Allow faded altars: false
     0 | D:1      | 0 ||| qw: Do Orc after clearing Dungeon:15 true
     0 | D:1      | 0 ||| qw: Do second Lair branch before Depths: true
     0 | D:1      | 0 ||| qw: Lair rune preference: random
     0 | D:1      | 0 ||| qw: Goals: Normal
     0 | D:1      | 0 ||| PLANNING D:1-11
    76 | D:1      | Reached XP level 2. HP: 16/16 MP: 4/4
   109 | D:1      | Reached skill level 6 in Ranged Weapons
   202 | D:1      | Found a faded altar of an unknown god.
   264 | D:1      | Reached XP level 3. HP: 20/20 MP: 5/5
   362 | D:1      | Reached skill level 7 in Ranged Weapons
   575 | D:1      | 575 ||| UPGRADING to ring of protection from cold.
   576 | D:1      | 576 ||| READING scroll labelled FUKHLE DUOH.
   577 | D:1      | 577 ||| READING 2 scrolls labelled BOARIY PAGERCH.
   577 | D:1      | 577 ||| IDENTIFYING silvery potion
   578 | D:1      | 578 ||| READING scroll of identify.
   578 | D:1      | 578 ||| IDENTIFYING glowing orange potion
   579 | D:1      | 579 ||| READING 3 scrolls labelled ZAS BOZADAIBEA.
   580 | D:1      | 580 ||| DROPPING scroll of butterflies.
   581 | D:1      | 581 ||| DROPPING potion of attraction.
   582 | D:1      | 582 ||| DROPPING 2 scrolls of revelation.
   975 | D:2      | Reached XP level 4. HP: 9/25 MP: 6/6
  1320 | D:2      | 1320 ||| UPGRADING to +1 pair of gloves.
  1325 | D:2      | 1325 ||| READING scroll labelled GOGUCO MODGH.
  1329 | D:2      | 1329 ||| READING scroll labelled URATOENN IPOU.
  1329 | D:2      | 1329 ||| ENCHANTING +1 pair of gloves.
  1330 | D:2      | 1330 ||| READING scroll labelled UGASAE LAIS.
  1331 | D:2      | 1331 ||| DRINKING 2 fizzy inky potions.
  1332 | D:2      | 1332 ||| DROPPING potion of magic.
  1342 | D:3      | 1342 ||| PLANNING SEWER
  1383 | D:3      | Found a glowing drain.
  1384 | D:3      | 1384 ||| UPGRADING to +0 ring mail.
  1394 | D:3      | 1394 ||| DROPPING +0 leather armour.
  1410 | Sewer    | Entered a sewer
  1481 | Sewer    | Noticed a kobold brigand
  1486 | Sewer    | HP: 2/25 [asphyx]
  1487 | Sewer    | Succumbed to a kobold brigand's curare-tipped dart

Levels and vault maps discovered:
D:1:      elethiomel_arrival_maze, layout_rooms,
          shapermc_ecumenical_altar_ellora, nicolae_grassy_gnolls
D:2:      layout_basic, minmay_tall_x
D:3:      layout_basic, cheibrodos_sewer_entry_drain, kennysheep_generic_room_4
Sewer:    sewer_kobolds

Skill      XL: |  1  2  3 |
---------------+----------+-----
Ranged Weapons | 6 7 |  7.8
Fighting       | |  1.5
Dodging        | |  2.4
Stealth        | |  1.2

Action                     |  1- 3 |  4- 6 || total
---------------------------+-------+-------++-------
   Fire: Shortbow          |   114 |    62 ||   176
    Use: Scroll            |     4 |     3 ||     7
         Potion            |       |     1 ||     1
 Armour: Leather armour    |    18 |     4 ||    22
         Ring mail         |       |    11 ||    11
  Dodge: Dodged            |    27 |    17 ||    44

Table legend:
 A = Non-vault XP
 B = Vault XP
 C = Vault XP percentage of total XP
 D = Non-vault monster count
 E = Vault monster count
 F = Vault count percentage of total count
                 A         B        C        D         E       F
            +---------+---------+-------+---------+---------+-------
      Total |     103 |      36 |  25.9 |      42 |      15 |  26.3
            +---------+---------+-------+---------+---------+-------
        D:1 |      53 |      14 |  20.9 |      29 |       1 |   3.3
        D:2 |      43 |       9 |  17.3 |      10 |       4 |  28.6
        D:3 |       7 |       3 |  30.0 |       3 |       2 |  40.0
      Sewer |       0 |      10 | 100.0 |       0 |       8 | 100.0
            +---------+---------+-------+---------+---------+-------
